 Dungeon Crawl Stone Soup version 0.31-a0-1074-g0b22e4e0f1 (webtiles) character file.

Game seed: 7793566221173234513

75779 Lobster4 the Gelid (level 15, -1/103 HPs)
             Began as a Human Ice Elementalist on Dec 2, 2023.
             Was the Champion of Nemelex Xobeh.
             Slain by a very large slime creature (48 damage)
             ... on level 13 of the Dungeon.
             The game lasted 02:05:35 (32132 turns).

Lobster4 the Gelid (Human Ice Elementalist)        Turns: 32132, Time: 02:05:35

Health: -1/103     AC: 27    Str: 18    XL:     15   Next: 99%
Magic:  17/25      EV: 14    Int: 20    God:    Nemelex Xobeh [******]
Gold:   1950       SH:  8    Dex: 15    Spells: 8/28 levels left

rFire   . . .        y - +10 flail of Big Damage {heavy, Will+ rCorr SInv}
rCold   + + .        n - +3 buckler {AC+3}
rNeg    . . .        D - +0 steam dragon scales
rPois   .            O - +2 hat of Foupruun {Will+ Int-2 Slay+3}
rElec   .            c - +2 cloak
rCorr   +            d - +1 pair of gloves of the Pleiades {Fly rC+ Will- Int+4}
SInv    +            (no boots)
Will    +....        (no amulet)
Stlth   ++           m - ring of wizardry
HPRegen 0.37/turn    R - ring of Doig {rC+ Will- rCorr Str+6}
MPRegen 0.19/turn

%: wizardry (x1)
@: ice-armoured, freezing walls, flying
A: no striking features
a: Renounce Religion, Draw Escape, Draw Destruction, Draw Summoning, Triple
Draw, Deal Four, Stack Five


You were on level 13 of the Dungeon.
You worshipped Nemelex Xobeh.
Nemelex Xobeh was exalted by your worship.
You visited 4 branches of the dungeon, and saw 21 of its levels.

You collected 3096 gold pieces.
You spent 1146 gold pieces at shops.

Inventory:

Hand Weapons
 a - the +10 mace "Hyiq" {drain, +Blink rF+ rC-}
   (You took it off a goblin on level 4 of the Dungeon)

   rF+:       It protects you from fire.
   rC-:       It makes you vulnerable to cold.
   +Blink:    It lets you blink.
 y - the +10 flail of Big Damage (weapon) {heavy, Will+ rCorr SInv}
   (You found it on level 3 of the Lair of Beasts)

   Will+:     It increases your willpower.
   SInv:      It lets you see invisible.
   rCorr:     It protects you from acid and corrosion.
 Z - the +10 trident "Zinaun" {elec, rC+ Str+2 Dex+3 Stlth+}
   (You took it off a spriggan on level 1 of the Lair of Beasts)

   Str+2:     It affects your strength (+2).
   Dex+3:     It affects your dexterity (+3).
   rC+:       It protects you from cold.
   Stlth+:    It makes you more stealthy.
Missiles
 x - 6 curare-tipped darts
 z - 23 poisoned darts (quivered)
Armour
 c - a +2 cloak (worn)
 d - the +1 pair of gloves of the Pleiades (worn) {Fly rC+ Will- Int+4}
   (You acquired it on level 5 of the Dungeon)

   Int+4:     It affects your intelligence (+4).
   rC+:       It protects you from cold.
   Will-:     It decreases your willpower.
   Fly:       It grants you flight.
 n - a +3 buckler of protection (worn)
 D - +0 steam dragon scales (worn)
 O - the +2 hat of Foupruun (worn) {Will+ Int-2 Slay+3}
   (You found it on level 9 of the Dungeon)

   Int-2:     It affects your intelligence (-2).
   Slay+3:    It affects your accuracy & damage with ranged weapons and melee
   (+3).
   Will+:     It increases your willpower.
 T - a +2 robe of willpower
 Y - a scarf of repulsion
Magical Staves
 h - a staff of cold
Jewellery
 m - a ring of wizardry (left hand)
 w - a ring of resist corrosion
 B - a +6 ring of intelligence
 E - a ring of positive energy
 R - the ring of Doig (right hand) {rC+ Will- rCorr Str+6}
   (You found it on level 10 of the Dungeon)

   [ring of strength]

   Str+6:     It affects your strength (+6).
   rC+:       It protects you from cold.
   Will-:     It decreases your willpower.
   rCorr:     It protects you from acid and corrosion.
Wands
 e - a wand of digging (9)
 g - a wand of roots (8)
 t - a wand of polymorph (16)
 C - a wand of quicksilver (4)
 M - a wand of charming (23)
 N - a wand of mindburst (14)
 P - a wand of flame (3)
Scrolls
 r - 7 scrolls of immolation
 s - 2 scrolls of teleportation
 v - 2 scrolls of poison
 H - 3 scrolls of enchant armour
 I - 6 scrolls of identify
 L - 2 scrolls of silence
 Q - 4 scrolls of blinking
 U - 2 scrolls of brand weapon
 V - 2 scrolls of fog
Potions
 b - 4 potions of magic
 i - 3 potions of attraction
 j - a potion of cancellation
 k - 6 potions of curing
 p - 8 potions of ambrosia
 q - 2 potions of brilliance
 u - 2 potions of enlightenment
 A - 3 potions of might
 F - 2 potions of haste
 J - 4 potions of lignification
 K - a potion of heal wounds
 W - 3 potions of invisibility


   Skills:
 - Level 5.0 Fighting
 - Level 2.0 Short Blades
 + Level 11.4 Maces & Flails
 + Level 4.6 Polearms
 - Level 1.0 Throwing
 - Level 5.0 Armour
 - Level 5.0 Dodging
 - Level 2.0 Stealth
 - Level 6.0 Shields
 - Level 7.0 Spellcasting
 - Level 3.0 Conjurations
 - Level 3.0 Summonings
 * Level 18.6 Ice Magic
 - Level 3.0 Air Magic
 - Level 3.0 Earth Magic
 - Level 3.0 Poison Magic
 - Level 3.0 Invocations
 - Level 5.0 Evocations


You had 8 spell levels left.
You knew the following spells:

 Your Spells              Type           Power      Damage    Failure   Level
a - Freeze                Ice            100%       1d10      0%          1
b - Ozocubu's Armour      Ice            69%        N/A       0%          3
c - Frozen Ramparts       Ice            100%       1d16      0%          3
d - Stone Arrow           Conj/Erth      38%        3d9       4%          3
e - Mephitic Cloud        Conj/Pois/Air  19%        N/A       4%          3
g - Summon Ice Beast      Ice/Summ       50%        N/A       1%          4
h - Hailstorm             Conj/Ice       50%        3d11      1%          3

Your spell library contained the following spells:

 Spells                   Type           Power      Damage    Failure   Level
 Magic Dart               Conj           76%        1d6       1%          1
 Shock                    Conj/Air       76%        1d7       1%          1
 Call Imp                 Summ           38%        N/A       1%          2
 Sting                    Tmut/Pois      52%        1d5       2%          1
 Necrotise                Necr           28%        1d5       4%          1
 Call Canine Familiar     Summ           19%        N/A       4%          3
 Swiftness                Air            19%        N/A       4%          3
 Airstrike                Air            9%         2d(2-18)  13%         4
 Animate Armour           Summ/Erth      38%        N/A       13%         4
 Olgreb's Toxic Radiance  Pois           19%        N/A       13%         4
 Inner Flame              Hex/Fire       7%         N/A       14%         3
 Sigil of Binding         Hex            7%         N/A       14%         3
 Vampiric Draining        Necr           7%         2d6       14%         3
 Simulacrum               Ice/Necr       22%        N/A       16%         6
 Flame Wave               Conj/Fire      13%        2d6       24%         4
 Leda's Liquefaction      Hex/Erth       6%         N/A       24%         4
 Sticky Flame             Conj/Fire      13%        2d4       24%         4
 Lee's Rapid Deconstruct  Erth           9%         3d7*      34%         5
 Dimensional Bullseye     Hex/Tloc       3%         N/A       41%         4
 Irradiate                Conj/Tmut      6%         3d13      52%         5
 Agony                    Necr           7%         N/A       75%         5
 Discord                  Hex            3%         N/A       100%        8
 Ignition                 Fire           3%         3d4       100%        8
 Lehudib's Crystal Spear  Conj/Erth      9%         10d4      100%        8


Dungeon Overview and Level Annotations

Branches:
Dungeon (13/15)            Temple (1/1) D:5            Lair (5/5) D:9
 Shoals (0/4) Lair:2       Spider (0/4) Lair:2        Slime (0/5) Lair:4
    Orc (2/2) D:11            Elf (0/3) Orc:2
 Vaults: D:13-14

Altars:
Ashenzari
Cheibriados
Dithmenos
Elyvilon
Fedhas
Gozag
Hepliaklqana
Kikubaaqudgha
Makhleb
Nemelex Xobeh
Okawaru
Qazlal
Ru
Sif Muna
Trog
Uskayaw
Vehumet
Wu Jian
Xom
Yredelemnul
Zin
The Shining One
Jiyva

Shops:
D:1 *   D:4 ?   D:5 :   D:7 :   D:8 *   Orc:1 =**   Orc:2 :([([

Portals:
Trove: D:11 (give 12 potions of heal wounds)

Annotations:
D:10 3 transporters
Lair:4 2 transporters, Ahar's ghost, journeyman HONe


Message History

Press: ? - help, Dir - look around, f - activate The walls around you are covered in ice.
Two slime creatures merge to form a large slime creature.
Two slime creatures merge to form a very large slime creature.
Casting: Frozen Ramparts (safe; 0% risk of failure)
Confirm with . or Enter, or press ? or * to list all spells.
A chill wind blows around you.
Unknown command.
The wall freezes the very large slime creature!
Your ice beast hits the very large slime creature.
Your ice beast freezes the very large slime creature!
You bludgeon the very large slime creature!!
The very large slime creature is moderately wounded.
The wall freezes the very large slime creature!
The very large slime creature hits you!
Your ice beast hits the very large slime creature.
Your ice beast freezes the very large slime creature!
You thump the very large slime creature!
The very large slime creature is heavily wounded.
The wall freezes the very large slime creature.
The very large slime creature barely misses you.
Your ice beast hits the very large slime creature.
Your ice beast freezes the very large slime creature!
You completely miss the very large slime creature.
The very large slime creature is heavily wounded.
The wall freezes the very large slime creature!
The very large slime creature hits you!!!
Your ice beast hits the very large slime creature.
Your ice beast freezes the very large slime creature!
You hear a shout! x2
You sock the very large slime creature!
The very large slime creature is severely wounded.
Your ice beast hits the very large slime creature.
Your ice beast freezes the very large slime creature!
The wall freezes the very large slime creature!
You block the very large slime creature's attack.
The wall freezes the very large slime creature.
The very large slime creature hits you!!!
You die...
Your body glows with a rainbow of weird colours and disappears.

*,*,** **,,,,,,,***,,,,**
*,*** **,,,,,** *******
*,***** *#...**** *
*,,,,,* #...,,,# * *****,*
#..#**.# *
*****,*#####J.###.## *
*,,,,,,,..##.......#******
*,***,**#.##J.J.....,,,,,,
*,* *,* #@#.....#,,#******
*,* #.###J#.....#..# *,*
#....Y.........# *,*
#####.##..####.#
*,******#.##..####.#
*,,,,,,,..##.......#
*******######.###### #.#
******** #.# *,,,,,,,


You could see a very large slime creature (ally target) and a friendly ice beast
(summoned).

Vanquished Creatures
  Saint Roka (Orc:2)
  Kirke (D:13)
  The ghost of Jaurgh the Black Sun, a journeyman DsMo of Kikubaaqudgha (Lair:5)
  A fire dragon (Lair:5)
  The ghost of Rudyous the Thaumaturge, a journeyman DjIE of Cheibriados (Lair:1)
  A great orb of eyes (Lair:3)
  2 hydras
  An ice dragon (Lair:4)
  4 two-headed ogres
  A centaur warrior (D:10)
  An orc high priest (Orc:2)
  2 death yaks (Lair:3)
  Sonja (Lair:2)
  Nergalle (Lair:2)
  A pharaoh ant (Lair:2)
  Lodul (D:12)
  A skyshark (Lair:2)
  A deep elf zephyrmancer (D:9)
  A deep elf pyromancer (D:9)
  3 ugly things (D:11)
  An orc knight (Orc:1)
  An oklob plant (Lair:4)
  A cyclops (D:11)
  3 manticores
  2 orc sorcerers (Orc:2)
  Maurice (D:10)
  8 black mambas
  3 elephants (Lair:5)
  An orange demon (Lair:2)
  An ice statue (Lair:4)
  2 gargoyles
  2 molten gargoyles (Lair:5)
  6 cane toads
  3 rime drakes
  Psyche (D:9)
  2 kobold demonologists
  2 unseen horrors (D:11)
  10 komodo dragons
  An ice devil (Lair:4)
  A queen bee (D:9)
  2 guardian mummies (D:11)
  7 trolls
  2 polar bears (Lair:4)
  A tarantella (Lair:2)
  A hornet (Lair:1)
  17 blink frogs
  A dream sheep (Lair:5)
  7 slime creatures
  A vampire (D:10)
  A water elemental (D:11)
  4 spriggans (Lair:1)
  Sigmund (D:5)
  6 wyverns
  3 wraiths
  38 yaks
  2 basilisks (Lair:5)
  4 hogs (D:13)
  A redback (Lair:2)
  A death yak simulacrum (Lair:4)
  6 steam dragons
  6 wargs
  2 acid dragons
  12 water moccasins
  4 hell hounds (Lair:5)
  A swamp drake (D:9)
  A sky beast (D:8)
  2 ice beasts
  31 orc warriors
  9 ogres
  9 wolves
  2 centaurs
  A phantom (D:4)
  2 kobold brigands
  6 bullfrogs
  A gnoll sergeant (D:6)
  A two-headed ogre simulacrum (Lair:4)
  5 scorpions
  4 wights (D:9)
  An elephant simulacrum (Lair:4)
  24 killer bees (D:9)
  5 howler monkeys
  4 electric eels
  4 lava snakes (Lair:5)
  A crimson imp (D:9)
  8 hounds
  16 orc priests
  An iron imp (D:9)
  3 jellies
  A sleepcap (D:7)
  3 hell rats (Lair:1)
  5 iguanas
  43 orc wizards
  Terence (D:3)
  A troll simulacrum (Lair:4)
  13 adders
  12 gnolls
  A shadow imp (D:9)
  2 white imps
  2 ufetubi (D:7)
  3 worms
  A dart slug (D:1)
  93 orcs
  4 ball pythons
  11 endoplasms
  4 giant cockroaches
  7 goblins
  5 hobgoblins
  3 jackals (D:1)
  19 kobolds
  6 quokkas
  6 bats
  6 frilled lizards
  3 rats
606 creatures vanquished.

Vanquished Creatures (collateral kills)
  A hydra (Lair:2)
  A catoblepas (Lair:5)
  2 death yaks
  An orc high priest (Orc:2)
  Amaemon (Lair:2)
  A skyshark (Lair:2)
  A lindwurm (Lair:5)
  4 black mambas
  2 gargoyles (D:12)
  3 cane toads
  2 rime drakes
  3 komodo dragons
  4 trolls
  4 blink frogs
  A snapping turtle (Lair:2)
  2 wraiths (D:9)
  2 slime creatures
  A wyvern (Lair:4)
  8 yaks
  A vampire (D:12)
  A water elemental (Lair:2)
  A basilisk (Lair:5)
  A warg (Orc:1)
  5 water moccasins
  2 orc warriors (Orc:2)
  An ice beast (Orc:2)
  An ogre (Orc:1)
  2 bullfrogs (Lair:1)
  An electric eel (Lair:2)
  A howler monkey (D:10)
  A lava snake (Lair:5)
  2 jellies (Lair:4)
  2 orc priests (Orc:2)
  An orc wizard (Orc:2)
  2 hell rats (Lair:1)
  10 orcs
  An endoplasm (Lair:4)
80 creatures vanquished.

Vanquished Creatures (others)
  2 orcs (D:9)
  2 kobolds (D:7)
4 creatures vanquished.

Grand Total: 690 creatures vanquished

Notes
Turn   | Place    | Note
-------+----------+-------------------------------------------
     0 | D:1      | Lobster4 the Human Ice Elementalist began the quest for the
                  | Orb.
     0 | D:1      | Reached XP level 1. HP: 13/13 MP: 3/3
   333 | D:1      | Reached XP level 2. HP: 19/20 MP: 0/5
   680 | D:1      | Reached XP level 3. HP: 25/25 MP: 4/6
   684 | D:1      | Learned a level 3 spell: Ozocubu's Armour
   836 | D:1      | Reached skill level 1 in Armour
   878 | D:1      | Reached skill level 1 in Fighting
  1146 | D:1      | Found Omipiumen's General Store.
  1150 | D:1      | Bought a scroll of identify for 26 gold pieces
  1373 | D:2      | Found an iron altar of Okawaru.
  1489 | D:2      | Found a faded altar of an unknown god.
  1607 | D:2      | Reached XP level 4. HP: 17/32 MP: 1/7
  2136 | D:3      | Learned a level 3 spell: Frozen Ramparts
  2159 | D:3      | Noticed Terence
  2283 | D:3      | Noticed an ice beast
  2477 | D:3      | Reached XP level 5. HP: 35/37 MP: 8/8
  3119 | D:3      | Killed Terence
  3120 | D:3      | Reached skill level 1 in Throwing
  3277 | D:4      | Reached skill level 5 in Ice Magic
  3553 | D:4      | Reached XP level 6. HP: 40/44 MP: 0/10
  3885 | D:4      | Learned a level 3 spell: Stone Arrow
  3967 | D:4      | Found Emeud's Magic Scroll Boutique.
  4322 | D:4      | Identified the +10 mace "Hyiq" {drain, +Blink rF+ rC-}
  4571 | D:4      | Reached skill level 1 in Short Blades
  4571 | D:4      | Reached skill level 1 in Conjurations
  4571 | D:4      | Reached skill level 1 in Earth Magic
  4571 | D:4      | Reached XP level 7. HP: 50/50 MP: 4/11
  4733 | D:5      | Entered Level 5 of the Dungeon
  4791 | D:5      | Found a staircase to the Ecumenical Temple.
  4798 | Temple   | Entered the Ecumenical Temple
  4811 | Temple   | Became a worshipper of Nemelex Xobeh the Trickster
  4988 | D:5      | Identified a scroll of acquirement
  4989 | D:5      | Acquired the +1 pair of gloves of the Pleiades {Fly rC+
                  | Will- Int+4}
  4999 | D:5      | Noticed Sigmund
  5082 | D:5      | Found a sacrificial altar of Ru.
  5168 | D:5      | Found Etexalu's Book Boutique.
  5215 | D:5      | Reached skill level 1 in Maces & Flails
  5420 | D:5      | Reached skill level 6 in Ice Magic
  5420 | D:5      | Reached skill level 1 in Invocations
  5420 | D:5      | Reached skill level 1 in Evocations
  5634 | D:5      | Reached XP level 8. HP: 56/56 MP: 6/13
  5639 | D:5      | Learned a level 4 spell: Summon Ice Beast
  6811 | D:6      | Reached skill level 1 in Summonings
  7208 | D:6      | Reached * piety under Nemelex Xobeh
  7538 | D:7      | Received a gift from Nemelex Xobeh
  7540 | D:7      | Reached XP level 9. HP: 61/61 MP: 14/14
  7945 | D:7      | Reached skill level 7 in Ice Magic
  7988 | D:7      | Reached skill level 1 in Shields
  8319 | D:7      | Found Tueczepp's Tiny Tomes.
  8609 | D:8      | Found Qahuob's General Store.
  8609 | D:8      | Noticed a gargoyle
  8621 | D:8      | Killed a gargoyle
  8634 | D:8      | Reached XP level 10. HP: 58/70 MP: 6/16
  8725 | D:8      | Reached skill level 8 in Ice Magic
  8993 | D:8      | Bought a scroll of identify for 22 gold pieces
  9369 | D:9      | Reached skill level 5 in Spellcasting
  9476 | D:9      | Reached ** piety under Nemelex Xobeh
  9507 | D:9      | Reached skill level 9 in Ice Magic
  9512 | D:9      | Reached skill level 5 in Maces & Flails
  9972 | D:9      | Found a staircase to the Lair.
 10137 | D:9      | Reached XP level 11. HP: 75/75 MP: 14/18
 10486 | D:9      | Reached skill level 10 in Ice Magic
 10714 | D:9      | Reached skill level 5 in Shields
 10734 | D:9      | Noticed a deep elf zephyrmancer
 10740 | D:9      | Killed a deep elf zephyrmancer
 10742 | D:9      | Noticed a deep elf pyromancer
 10751 | D:9      | Killed a deep elf pyromancer
 10794 | D:9      | Identified the +2 hat of Foupruun {Will+ Int-2 Slay+3}
 10831 | D:9      | Learned a level 3 spell: Mephitic Cloud
 10855 | D:9      | Noticed a two-headed ogre
 10874 | D:9      | Killed a two-headed ogre
 10875 | D:9      | Reached skill level 11 in Ice Magic
 10875 | D:9      | Reached skill level 1 in Air Magic
 10875 | D:9      | Reached skill level 1 in Poison Magic
 11059 | D:9      | Noticed Psyche
 11063 | D:9      | Killed Psyche
 11874 | D:9      | Received a gift from Nemelex Xobeh
 12131 | D:10     | Entered Level 10 of the Dungeon
 12143 | D:10     | Found a blossoming altar of Fedhas.
 12223 | D:10     | Found a hide-covered altar of Uskayaw.
 12315 | D:10     | Found a transporter.
 12317 | D:10     | Found a transporter.
 12319 | D:10     | Found a transporter.
 12320 | D:10     | Found a transporter.
 12321 | D:10     | Received a gift from Nemelex Xobeh
 12496 | D:10     | Identified the ring of Doig {rC+ Will- rCorr Str+6}
 12550 | D:10     | Noticed a two-headed ogre
 12551 | D:10     | Noticed a centaur warrior
 12569 | D:10     | Killed a two-headed ogre
 12570 | D:10     | Reached skill level 12 in Ice Magic
 12661 | D:10     | Killed a centaur warrior
 12662 | D:10     | Reached XP level 12. HP: 33/81 MP: 15/19
 12915 | D:10     | Reached *** piety under Nemelex Xobeh
 13484 | D:10     | Noticed Maurice
 13495 | D:10     | Killed Maurice
 13754 | Lair:1   | Entered Level 1 of the Lair of Beasts
 13995 | Lair:1   | Reached skill level 13 in Ice Magic
 14459 | Lair:1   | Identified the +0 chain mail of the Forest {Contam rC+
                  | Int+2 SInv}
 14611 | Lair:1   | Received a gift from Nemelex Xobeh
 14729 | Lair:1   | Reached **** piety under Nemelex Xobeh
 14782 | Lair:1   | Found a runed translucent door.
 14858 | Lair:1   | Noticed Rudyous's ghost (journeyman DjIE)
 14859 | Lair:1   | Identified the +10 trident "Zinaun" {elec, rC+ Str+2 Dex+3
                  | Stlth+}
 14859 | Lair:1   | Noticed a spriggan rider
 15185 | Lair:2   | Noticed a pharaoh ant
 15185 | Lair:2   | Found a hole to the Spider Nest.
 15192 | Lair:2   | Killed a pharaoh ant
 15254 | Lair:2   | Received a gift from Nemelex Xobeh
 15335 | Lair:2   | Noticed a skyshark
 15341 | Lair:2   | Killed a skyshark
 15360 | Lair:2   | Reached XP level 13. HP: 88/88 MP: 8/21
 15725 | Lair:2   | Reached skill level 5 in Armour
 15852 | Lair:2   | Noticed Sonja
 15854 | Lair:2   | Noticed Nergalle
 15859 | Lair:2   | Reached skill level 5 in Dodging
 16203 | D:4      | Bought a scroll of identify for 26 gold pieces
 16204 | D:4      | Bought a scroll of identify for 26 gold pieces
 16205 | D:4      | Bought a scroll of identify for 26 gold pieces
 16433 | Lair:2   | Noticed Amaemon
 16524 | Lair:2   | Killed Nergalle
 16525 | Lair:2   | Reached skill level 5 in Fighting
 16582 | Lair:2   | Killed Amaemon
 16583 | Lair:2   | Reached skill level 14 in Ice Magic
 16792 | Lair:2   | Killed Sonja
 16903 | Lair:2   | Received a gift from Nemelex Xobeh
 16906 | Lair:2   | Noticed an eight-headed hydra
 16912 | Lair:2   | Killed an eight-headed hydra
 16968 | Lair:2   | Reached skill level 5 in Evocations
 17153 | Lair:2   | Found a staircase to the Shoals.
 17879 | Lair:3   | Received a gift from Nemelex Xobeh
 17881 | Lair:3   | Noticed a six-headed hydra
 17884 | Lair:3   | a six-headed hydra changed into a great orb of eyes
 17884 | Lair:3   | Noticed a great orb of eyes
 17895 | Lair:3   | Killed a great orb of eyes
 18030 | Lair:3   | Reached ***** piety under Nemelex Xobeh
 18063 | Lair:3   | Identified the +10 flail of Big Damage {heavy, Will+ rCorr
                  | SInv}
 18400 | Lair:3   | Reached skill level 15 in Ice Magic
 18411 | Lair:3   | Reached XP level 14. HP: 84/98 MP: 9/24
 18796 | Lair:3   | Received a gift from Nemelex Xobeh
 19231 | Lair:4   | Received a gift from Nemelex Xobeh
 19494 | Lair:4   | Found a transporter.
 19494 | Lair:4   | Noticed Ahar's ghost (journeyman HONe)
 19498 | Lair:4   | Found a transporter.
 20020 | D:8      | Bought a scroll of acquirement for 572 gold pieces
 20020 | D:8      | Acquired 1093 gold pieces
 20085 | D:5      | Bought a book of the Tundra for 448 gold pieces
 20089 | D:5      | Learned a level 3 spell: Hailstorm
 20139 | D:5      | Killed Sigmund
 20285 | Lair:4   | Found a staircase to the Slime Pits.
 20286 | Lair:4   | Found a viscous altar of Jiyva.
 21260 | Lair:4   | Received a gift from Nemelex Xobeh
 21485 | Lair:4   | Reached skill level 16 in Ice Magic
 21593 | Lair:4   | Got Jocusm's Directory of the Altered Lithosphere
 21709 | Lair:5   | Entered Level 5 of the Lair of Beasts
 22538 | Lair:5   | Received a gift from Nemelex Xobeh
 22755 | Lair:5   | Received a gift from Nemelex Xobeh
 23037 | Lair:5   | Found a runed translucent door.
 23037 | Lair:5   | Noticed Jaurgh's ghost (journeyman DsMo)
 23289 | Lair:5   | Identified the +1 long sword "Wavigeme" {freeze, Str+3
                  | Dex+4}
 23775 | Lair:5   | Found a large runed translucent door.
 24084 | Lair:5   | Reached skill level 17 in Ice Magic
 24324 | Lair:5   | Found a large runed translucent door.
 24423 | Lair:5   | Reached skill level 10 in Maces & Flails
 24423 | Lair:5   | Reached XP level 15. HP: 85/103 MP: 15/25
 24552 | Lair:5   | Killed Jaurgh's ghost
 24818 | Lair:1   | Killed Rudyous's ghost
 25413 | D:11     | Reached skill level 1 in Polearms
 25522 | D:11     | Found a portal to a secret trove of treasure.
 26578 | D:11     | Found a staircase to the Orcish Mines.
 26686 | D:11     | Received a gift from Nemelex Xobeh
 26989 | D:11     | Reached ****** piety under Nemelex Xobeh
 27772 | Orc:1    | Entered Level 1 of the Orcish Mines
 27772 | Orc:1    | Found Wel Tyig's Jewellery Boutique.
 27873 | Orc:1    | Found Uhemp's Specific Store.
 27896 | Orc:1    | Found Zaotenk's General Store.
 27969 | Orc:1    | Found a shimmering blue altar of Sif Muna.
 28118 | Orc:1    | Got Sif Muna's Catalogue of Toxins
 28142 | Orc:1    | Received a gift from Nemelex Xobeh
 28530 | Orc:2    | Entered Level 2 of the Orcish Mines
 28555 | Orc:2    | Found a staircase to the Elven Halls.
 28601 | Orc:2    | Found Bibraah's Weapon Boutique.
 28749 | Orc:2    | Found Calil's Book Boutique.
 28996 | Orc:2    | Received a gift from Nemelex Xobeh
 29020 | Orc:2    | Reached skill level 18 in Ice Magic
 29642 | Orc:2    | Found Tuiwn's Armour Boutique.
 29947 | Orc:2    | Received a gift from Nemelex Xobeh
 30039 | Orc:2    | Noticed Saint Roka
 30505 | Orc:2    | Killed Saint Roka
 30682 | Orc:2    | Found Mynaugik's Antique Weapon Shoppe.
 30687 | Orc:2    | Found Boiblin's Antique Armour Emporium.
 31511 | D:12     | Noticed Lodul
 31526 | D:12     | Killed Lodul
 32042 | D:13     | Noticed Kirke
 32053 | D:13     | Killed Kirke
 32132 | D:13     | Slain by a very large slime creature

Illustrated notes

Levels and vault maps discovered:
D:1:      nicolae_arrival_washed_ashore, layout_basic, serial_shops,
          nicolae_shop_back_alley_shop
D:2:      layout_rooms, hellmonk_ecumenical_altar_zigzags, basic_altar
D:3:      layout_basic, uniq_terence
D:4:      nicolae_cairo_tiling_large, layout_cave_pods, serial_shops,
          nicolae_shop_window_shopping, minmay_strange_pillars
D:5:      layout_layer_cave, mainiacjoe_overflow_small_starburst,
          minmay_temple_entry_sparse_star, serial_shops, shop_fountains,
          uniq_sigmund
D:6:      hellmonk_crumbling_castle, layout_rooms
D:7:      layout_cave_pools, nicolae_shop_i_like_small_books_too
D:8:      layout_basic, serial_shops, nicolae_diamond_shop
D:9:      layout_roguey [special_room_bee], erik_lair_island,
          hangedman_minor_magic, uniq_psyche
D:10:     layout_cave_pods, nicolae_overflow_squiral, nicolae_diode_quadrants,
          uniq_maurice
D:11:     minmay_spotlight, layout_basic, erik_orc_2,
          nicolae_trove_entry_path_of_doom
D:12:     layout_roguey, uniq_lodul
D:13:     layout_loops_corners, hellmonk_vaults_order_and_chaos,
          portal_ice_cave_entry_pillars_2, uniq_jorgrun, uniq_kirke
Temple:   hellmonk_temple_of_storms
Lair:1:   layout_gridlike, ebering_ghost_funeral_grove, wad_woods_03
Lair:2:   layout_regular_city, minmay_shoals_entry_hut,
          nicolae_spider_entry_lesser_pyramids, serial_forest,
          infiniplex_forest_zigzag_1, infiniplex_forest_zigzag_1,
          infiniplex_forest_end_3, infiniplex_forest_lined_3_way,
          infiniplex_forest_clump_curved, infiniplex_forest_lined_room_3,
          infiniplex_forest_end_3, infiniplex_forest_corner_1,
          infiniplex_forest_lined_2, uniq_sonja, uniq_amaemon, uniq_nergalle
Lair:3:   layout_regular_city
Lair:4:   dreamdust_isle_of_ice, layout_cave_pods,
          nicolae_slime_entry_slimehenge, gammafunk_ghost_arena,
          cheibrodos_lair_reptile_den
Lair:5:   cheibrodos_lair_end_hotspot, layout_layer_cave,
          ebering_ghost_inner_flame
Orc:1:    layout_caves, serial_shops, shop, nicolae_specific_store, led_sif_book
Orc:2:    grunt_orc_community_town_hall, layout_diamond_mine,
          grunt_orc_community_big_house_1, grunt_orc_community_big_house_1,
          grunt_orc_community_house_3, grunt_orc_community_house_2,
          grunt_orc_community_house_3, grunt_orc_community_house_3,
          serial_shops, shop, guppyfry_library_mini

Skill      XL: |  1  2  3  4  5  6  7  8  9 10 11 12 13 14 15 |
---------------+----------------------------------------------+-----
Armour         | 1 2 3 4 5 |  5.0
Fighting       | 1 2 3 4 5 |  5.0
Throwing       | 1 |  1.0
Ice Magic      | 5 6 7 9 12 13 15 17 18 | 18.6
Spellcasting   | 3 4 5 7 |  7.0
Short Blades   | 1 2 |  2.0
Conjurations   | 1 2 3 |  3.0
Earth Magic    | 1 2 3 |  3.0
Maces & Flails | 1 2 3 5 7 10 11 | 11.4
Invocations    | 1 2 3 |  3.0
Evocations     | 1 2 3 5 |  5.0
Summonings     | 1 2 3 |  3.0
Shields        | 2 4 6 |  6.0
Dodging        | 3 4 5 |  5.0
Air Magic      | 3 |  3.0
Poison Magic   | 3 |  3.0
Polearms       | 4 |  4.6
Stealth        | |  2.0

Action                     |  1- 3 |  4- 6 |  7- 9 | 10-12 | 13-15 || total
---------------------------+-------+-------+-------+-------+-------++-------
  Melee: Hand axe          |    52 |       |       |       |       ||    52
         Short sword       |    48 |   120 |       |       |       ||   168
         Punch             |     1 |     1 |     3 |       |       ||     5
         Mace              |       |     6 |   100 |   214 |   626 ||   946
         Flail             |       |       |       |       |    17 ||    17
  Throw: Dart              |       |     6 |     1 |    37 |    47 ||    91
         Stone             |       |       |     5 |       |       ||     5
         Boomerang         |       |       |    23 |    38 |       ||    61
         Throwing net      |       |       |       |     1 |       ||     1
   Cast: Freeze            |    20 |    14 |     4 |     5 |    46 ||    89
         Frozen Ramparts   |       |    13 |    28 |    53 |   103 ||   197
         Ozocubu's Armour  |       |    11 |    22 |    52 |   118 ||   203
         Stone Arrow       |       |       |    12 |    22 |    78 ||   112
         Summon Ice Beast  |       |       |       |    24 |   112 ||   136
         Mephitic Cloud    |       |       |       |     2 |     4 ||     6
         Hailstorm         |       |       |       |       |    17 ||    17
 Invoke: Draw Destruction  |       |       |       |     3 |    21 ||    24
         Draw Escape       |       |       |       |     1 |     2 ||     3
         Draw Summoning    |       |       |       |       |     5 ||     5
    Use: Scroll            |       |     4 |    10 |     8 |    13 ||    35
         Potion            |       |       |       |     2 |     4 ||     6
   Stab: Sleeping          |     9 |    11 |     4 |     1 |     4 ||    29
         Confused          |       |       |       |     1 |       ||     1
         Distracted        |       |       |       |     1 |     6 ||     7
 Armour: Robe              |    52 |    57 |    43 |       |       ||   152
         Steam dragon scal |       |       |    43 |   182 |   487 ||   712
  Dodge: Dodged            |    82 |    79 |    69 |   134 |   349 ||   713
  Block: Buckler           |       |       |    20 |   101 |   284 ||   405

Table legend: (Time is in decaauts)
 A = Elapsed time spent in this place.
 B = Non-inter-level travel time spent in this place.
 C = Inter-level travel time spent in this place.
 D = Time resting spent in this place.
 E = Time spent auto-exploring this place.
 F = Levels seen in this place.
 G = Mean time per level.
                   A        B        C        D        E       F      G
               +--------+--------+--------+--------+--------+-----+--------+
         Total |  32276 |  30564 |   1712 |   7371 |  16570 |  21 | 1537.0 |
       Dungeon |  18029 |  17080 |    949 |   4247 |   9361 |  13 | 1386.8 |
        Temple |     26 |     14 |     12 |      0 |      0 |   1 |   26.0 |
          Lair |  11108 |  10462 |    646 |   2564 |   5629 |   5 | 2221.6 |
  Orcish Mines |   3112 |   3008 |    104 |    559 |   1580 |   2 | 1556.0 |
               +--------+--------+--------+--------+--------+-----+--------+

Top non-repeatable levels by time:
     D:9: 2889 daAuts
  Lair:5: 2732 daAuts
    D:11: 2487 daAuts
  Lair:4: 2467 daAuts
   Orc:2: 2326 daAuts
  Lair:1: 2227 daAuts
  Lair:2: 2135 daAuts
     D:3: 1757 daAuts
     D:4: 1639 daAuts
    D:10: 1621 daAuts
     D:5: 1603 daAuts
  Lair:3: 1545 daAuts
     D:1: 1286 daAuts
    D:12: 1079 daAuts
     D:6: 1004 daAuts
